 Dungeon Crawl Stone Soup version 0.25.0-1-g7eea58d2a3 (webtiles) character file.

Game seed: 7952262562563178441

85981 grindst0ne the Brawler (level 15, -8/141 HPs)
             Began as a Ghoul Monk on June 14, 2020.
             Was the Champion of Trog.
             Mangled by a sun demon (18 damage)
             ... summoned by an orc sorcerer
             ... on level 2 of the Orcish Mines.
             The game lasted 00:50:15 (29002 turns).

grindst0ne the Brawler (Ghoul Monk)                Turns: 29002, Time: 00:50:15

Health: -8/141     AC: 29    Str: 22    XL:     15   Next: 85%
Magic:  17/17      EV:  7    Int: 12    God:    Trog [******]
Gold:   1914       SH: 14    Dex: 11    Spells: 14/14 levels left

rFire    . . .     SeeInvis .     - Unarmed
rCold    + + +     Gourm    .   O - +2 kite shield {rPois}
rNeg     + + +     Faith    .   N - +10 plate armour of Zin's Pride {Int+4}
rPois    ∞         Spirit   .   o - +0 helmet
rElec    .         Reflect  .   w - scarf {rC+ rF+}
rCorr    .         Harm     .   (no gloves)
MR       +++..                  y - +0 pair of boots
Stlth    ..........             (no amulet)
HPRegen  0.00/turn              x - +4 ring of slaying
MPRegen  0.15/turn              M - ring "Welumn" {Ice *Drain rPois MR++ Int+3}

@: rotting
A: rotting body, claws 1, carnivore, cold resistance 1, negative energy
resistance 3, inhibited regeneration, torment resistance, unbreathing
a: Trog's Hand, Brothers in Arms, Renounce Religion


You were on level 2 of the Orcish Mines.
You worshipped Trog.
Trog was exalted by your worship.
You were very hungry.

You visited 4 branches of the dungeon, and saw 24 of its levels.
You also visited: Sewer and Gauntlet.

You collected 2064 gold pieces.
You spent 150 gold pieces at shops.

Inventory:

Missiles
 B - a throwing net
 C - 8 atropa-tipped darts
 E - 5 curare-tipped darts (quivered)
 I - 3 silver javelins
 L - 22 javelins
Armour
 o - a +0 helmet (worn)
 w - a scarf of resistance (worn)
 y - a +0 pair of boots (worn)
 z - the +0 tower shield of Disaster {rN+ rCorr Dex+4 Stlth+}
   (You found it in a Gauntlet)

   It affects your dexterity (+4).
   It protects you from negative energy.
   It provides partial protection from all sources of acid and corrosion.
   It makes you more stealthy.
 N - the +10 plate armour of Zin's Pride (worn) {Int+4}
   (You took it off a minotaur in a Gauntlet)

   It affects your intelligence (+4).
 O - a +2 kite shield of poison resistance (worn)
Jewellery
 d - a +6 ring of intelligence
 q - an uncursed ring of protection from fire
 x - a +4 ring of slaying (left claw)
 F - a +6 ring of strength
 H - a +4 ring of evasion
 M - the ring "Welumn" (right claw) {Ice *Drain rPois MR++ Int+3}
   (You found it in a Gauntlet)

   [ring of ice]

   It enhances your ice magic.
   It affects your intelligence (+3).
   It makes you vulnerable to fire.
   It protects you from cold.
   It protects you from poison.
   It affects your resistance to hostile enchantments.
   It causes draining when unequipped.
Wands
 h - a wand of flame (36)
 p - a wand of enslavement (8)
 u - a wand of disintegration (7)
 P - a wand of polymorph (12)
 R - a wand of digging (1)
Scrolls
 c - 8 scrolls of blinking
 e - 3 scrolls of remove curse
 f - 6 scrolls of teleportation
 g - 3 scrolls of immolation
 k - 2 scrolls of enchant armour
 m - 3 scrolls of fog
 n - a scroll of torment
 t - 4 scrolls of fear
 D - 2 scrolls of identify
 J - a scroll of silence
 Q - 3 scrolls of magic mapping
Potions
 a - 2 potions of heal wounds
 i - 6 potions of curing
 j - 5 potions of might
 l - 4 potions of magic
 r - 3 potions of resistance
 s - 2 potions of ambrosia
 v - 2 potions of flight
 A - 4 potions of stabbing
 G - 2 potions of cancellation
 T - 2 potions of haste
Miscellaneous
 K - a phial of floods
 S - a tin of tremorstones (3/3)
Comestibles
 b - 48 rations
 U - 14 chunks of flesh


   Skills:
 + Level 15.6 Fighting
 + Level 13.1 Armour
 - Level 2.6 Dodging
 - Level 2.1 Stealth
 + Level 9.8 Shields
 + Level 15.6 Unarmed Combat
 - Level 5.0 Evocations


You had 14 spell levels left.
You didn't know any spells.
Your spell library contained the following spells:

 Spells                   Type           Power        Failure   Level  Hunger
 Foxfire                  Conj/Fire      #...         100%        1    ##.....
 Freeze                   Ice            #...         100%        1    ##.....
 Conjure Flame            Conj/Fire      #.......     100%        3    ####...
 Gell's Gravitas          Tloc           #.........   100%        3    ####...
 Ignite Poison            Fire/Tmut/Pois #.......     100%        3    ####...
 Inner Flame              Hex/Fire       #.......     100%        3    ####...
 Portal Projectile        Hex/Tloc       #.....       100%        3    ####...
 Petrify                  Tmut/Erth      #.......     100%        4    #####..
 Sticky Flame             Conj/Fire      #.......     100%        4    #####..
 Fireball                 Conj/Fire      #.........   100%        5    ######.
 Irradiate                Conj/Tmut      #.........   100%        5    ######.
 Dispersal                Tloc           #.........   100%        6    #######
 Eringya's Noxious Bog    Tmut/Pois      #.........   100%        6    #######
 Controlled Blink         Tloc           N/A          100%        8    #######
 Disjunction              Tloc           #.........   100%        8    #######
 Beastly Appendage        Tmut           Unusable     N/A         1    N/A

Dungeon Overview and Level Annotations

Branches:
Dungeon (15/15)            Temple (1/1) D:4            Lair (6/6) D:11
  Swamp (0/4) Lair:4        Snake (0/4) Lair:4        Slime (0/5) Lair:6
    Orc (2/2) D:12            Elf (0/3) Orc:2        Vaults (0/5) D:13
 Depths (0/5) D:15          Sewer (visited)         Gauntlet (visited)

Altars:
Ashenzari
Cheibriados
Dithmenos
Elyvilon
Fedhas
Gozag
Hepliaklqana
Kikubaaqudgha
Makhleb
Nemelex Xobeh
Okawaru
Qazlal
Ru
Sif Muna
Trog
Uskayaw
Vehumet
Wu Jian
Xom
Yredelemnul
Zin
The Shining One
Jiyva

Shops:
D:5 !?(   Orc:2 !

Portals:
Trove: D:15 (give +6 demon whip)

Annotations:
D:13 exclusion: downstairs
Lair:4 exclusion: oklob plant
Lair:5 2 transporters, Jeban's ghost, journeyman OpFi


Innate Abilities, Weirdness & Mutations

Your body is rotting away.
You thrive on raw meat.
You are immune to poison.
You have sharp fingernails.
You are carnivorous and can eat meat at any time.
Your flesh is cold resistant. (rC+)
You are immune to negative energy. (rN+++)
You do not regenerate when monsters are visible.
You are immune to unholy pain and torment.
You can survive without breathing.


Message History

Reactivating autopickup.
You feel a bit more experienced. You block the sun demon's attack.
You barely miss the orc sorcerer. The sun demon hits you!
You are engulfed in flames!
* * * LOW HITPOINT WARNING * * *
The orc sorcerer gestures wildly while chanting.
You closely miss the orc sorcerer. You block the sixfirhy's attack.
The sun demon hits you but does no damage.
The sixfirhy barely misses you.
The orc sorcerer hits you but does no damage.
You scratch the orc sorcerer.
The orc sorcerer is lightly wounded.
The sixfirhy barely misses you. The sixfirhy hits you.
* * * LOW HITPOINT WARNING * * *
The sixfirhy shocks you!
* * * LOW HITPOINT WARNING * * *
The sun demon hits you.
* * * LOW HITPOINT WARNING * * *
You are engulfed in flames!!
You die...

### ≈.8 ≈≈## ...8...
##≈≈≈ ...## .......
##...
#8..##.......##..8### #
.....###'''###....._# §#
.)..................#.≈#
.).............4....8.≈#
[)...)≈≈≈≈≈§§§.33o....#
....).≈#####§)))@....###
'###...#####.§.###+#+#§#
..##≈.........≈# .....§#
..##≈.........≈# ..8..≈#
.≈##≈.8..8..8.≈# ≈§...§#
.≈###############§...§≈§
.≈≈§§§≈≈§§≈≈§≈≈§≈≈..≈§§≈
.§........§.§...)...≈≈§§
................)...§≈§§


You could see a sun demon (summoned), a hellwing (summoned), a sixfirhy
(summoned) and an orc sorcerer.

Vanquished Creatures
  Jorgrun (D:15)
  Harold (D:8)
  4 hydras
  8 vault guards (D:13)
  A centaur warrior (D:9)
  2 ogre magi
  8 two-headed ogres
  Urug (Orc:2)
  Nergalle (Orc:2)
  5 skeletal warriors (D:14)
  An unseen horror (D:13)
  A wizard (D:15)
  An orc knight (Orc:1)
  7 ugly things
  A wolf spider (D:15)
  4 cyclopes
  4 deep elf magi
  7 orc sorcerers
  3 manticores
  13 elephants
  2 black mambas
  A naga mage (D:15)
  Psyche (D:8)
  24 spiny frogs
  Maggie (Lair:1)
  A yaktaur (D:13)
  An ice devil (Gauntlet)
  5 komodo dragons
  2 rime drakes
  2 kobold demonologists
  A freezing wraith (D:14)
  8 trolls
  A polar bear (D:9)
  A meliai (shapeshifter) (D:14)
  2 tyrant leeches (Lair:6)
  A queen bee (Lair:4)
  4 meliai
  5 slime creatures (D:12)
  13 hornets
  23 blink frogs
  7 dream sheep (Lair:5)
  6 hippogriffs
  A bog body (Lair:4)
  2 shadows (Gauntlet)
  Sigmund (D:6)
  2 wraiths
  21 yaks
  3 wyverns
  A water elemental (D:14)
  6 basilisks
  A steam dragon (D:11)
  Grum (D:9)
  4 hungry ghosts
  A warg (Orc:2)
  6 vampire mosquitoes (Lair:6)
  3 nagas (Lair:4)
  An acid dragon (D:14)
  2 soldier ants
  12 water moccasins
  4 porcupines
  Purgy (Sewer)
  9 ice beasts
  10 orc warriors
  A black bear (D:7)
  3 eyes of draining
  4 phantoms
  14 ogres
  7 wolves
  4 centaurs
  5 crocodiles
  3 big kobolds
  26 bullfrogs
  A wyvern skeleton (D:13)
  4 scorpions
  13 killer bees
  13 wights
  5 electric eels
  A howler monkey (D:9)
  5 crimson imps
  5 jellies
  4 bullfrog zombies
  7 hounds
  A quasit (D:10)
  9 orc priests
  44 orc wizards
  3 iguanas
  Jessica (D:2)
  2 bullfrog skeletons
  6 centaur skeletons
  9 worker ants
  A killer bee zombie (D:9)
  A centaur simulacrum (D:9)
  A hound skeleton (D:11)
  3 hound zombies
  A worker ant zombie (D:11)
  Robin (D:4)
  4 gnolls (D:5)
  7 adders
  3 shadow imps
  7 white imps
  2 ufetubi (D:9)
  2 oozes
  3 adder zombies
  8 worms
  A dart slug (D:4)
  4 leopard geckos
  52 orcs
  5 giant cockroaches
  9 goblins
  8 hobgoblins
  15 jackals
  8 quokkas
  3 ball pythons
  6 bats
  3 frilled lizards
  26 kobolds
  A leopard gecko skeleton (D:4)
  13 rats
  A fungus (D:9)
  4 plants
681 creatures vanquished.

Vanquished Creatures (collateral kills)
  A minotaur (Gauntlet)
  A death ooze (Gauntlet)
  2 meliai (D:13)
  A tyrant leech (Lair:6)
  2 slime creatures (Gauntlet)
  A centaur zombie (D:9)
  A white imp (D:9)
  An ufetubus (D:9)
  An adder skeleton (D:9)
11 creatures vanquished.

Vanquished Creatures (others)
  A human (D:4)
  An orc wizard (Orc:2)
  11 fungi
  50 plants
  4 toadstools (D:9)
67 creatures vanquished.

Grand Total: 759 creatures vanquished

Notes
Turn   | Place    | Note
-------+----------+-------------------------------------------
     0 | D:1      | grindst0ne the Ghoul Monk began the quest for the Orb.
     0 | D:1      | Reached XP level 1. HP: 19/19 MP: 0/0
   235 | D:1      | Reached XP level 2. HP: 26/26 MP: 1/1
   490 | D:1      | Reached skill level 1 in Armour
   790 | D:1      | Reached XP level 3. HP: 27/33 MP: 2/2
  1312 | D:2      | Reached XP level 4. HP: 24/40 MP: 3/3
  1463 | D:2      | Reached XP level 5. HP: 24/47 MP: 4/4
  1684 | D:2      | Noticed Jessica
  1693 | D:2      | Killed Jessica
  2848 | D:4      | Noticed Robin
  2875 | D:4      | Killed Robin
  2949 | D:4      | Found a staircase to the Ecumenical Temple.
  2958 | Temple   | Entered the Ecumenical Temple
  3063 | Temple   | Became a worshipper of Trog the Wrathful
  3063 | Temple   | Reached * piety under Trog
  3063 | Temple   | Reached ** piety under Trog
  3143 | D:4      | Reached XP level 6. HP: 48/55 MP: 5/5
  3155 | D:4      | Reached skill level 5 in Fighting
  3155 | D:4      | Reached skill level 5 in Unarmed Combat
  3630 | D:4      | Found an ancient bone altar of Kikubaaqudgha.
  3631 | D:4      | Noticed a human
  3632 | D:4      | Killed a human
  3715 | D:5      | Entered Level 5 of the Dungeon
  4123 | D:5      | Reached XP level 7. HP: 58/61 MP: 6/6
  4155 | D:5      | Reached skill level 1 in Shields
  4434 | D:5      | Found Furit's Magic Scroll Shoppe.
  4442 | D:5      | Bought a scroll of teleportation for 36 gold pieces
  4442 | D:5      | Bought a scroll of identify for 24 gold pieces
  4446 | D:5      | Bought a scroll of enchant armour for 90 gold pieces
  4517 | D:5      | Found Wumn's Weapon Boutique.
  4801 | D:5      | Found Fumyekasch's Distillery.
  5490 | D:6      | Noticed Sigmund
  5498 | D:6      | Killed Sigmund
  5498 | D:6      | Reached XP level 8. HP: 48/68 MP: 7/7
  5530 | D:6      | Found a glowing drain.
  5542 | Sewer    | Entered a sewer
  5609 | Sewer    | Noticed Purgy
  5628 | Sewer    | Killed Purgy
  6485 | D:7      | Found a burning altar of Makhleb.
  6685 | D:7      | Found a glowing golden altar of the Shining One.
  6693 | D:7      | Paralysed by an orc for 2 turns
  6696 | D:7      | Paralysed by an orc for 3 turns
  6777 | D:7      | Reached skill level 5 in Armour
  7152 | D:7      | Reached XP level 9. HP: 70/78 MP: 8/8
  7172 | D:7      | Reached *** piety under Trog
  7895 | D:8      | Noticed Harold
  7908 | D:8      | Killed Harold
  8442 | D:8      | Noticed Psyche
  8449 | D:8      | Killed Psyche
  8449 | D:8      | Reached XP level 10. HP: 86/90 MP: 9/9
  8498 | D:8      | Reached **** piety under Trog
  8674 | D:9      | Reached skill level 1 in Evocations
  8839 | D:9      | HP: 1/89 [electric eel/bolt of electricity (8)]
  9492 | D:9      | Noticed a centaur warrior
  9509 | D:9      | Killed a centaur warrior
  9509 | D:9      | Reached skill level 10 in Fighting
  9509 | D:9      | Reached skill level 10 in Unarmed Combat
  9537 | D:9      | Reached XP level 11. HP: 51/92 MP: 12/12
  9601 | D:9      | Noticed Grum
  9638 | D:9      | Killed Grum
 10193 | D:10     | Entered Level 10 of the Dungeon
 10353 | D:10     | Noticed a two-headed ogre
 10363 | D:10     | Killed a two-headed ogre
 11113 | D:11     | Noticed a manticore
 11128 | D:11     | Killed a manticore
 11538 | D:11     | Noticed a two-headed ogre
 11544 | D:11     | Noticed a two-headed ogre
 11548 | D:11     | Killed a two-headed ogre
 11548 | D:11     | Reached skill level 5 in Evocations
 11789 | D:11     | Killed a two-headed ogre
 12004 | D:11     | Noticed a soul eater
 12033 | D:11     | Found a staircase to the Lair.
 12329 | Lair:1   | Entered Level 1 of the Lair of Beasts
 12366 | Lair:1   | Noticed Maggie
 12374 | Lair:1   | Killed Maggie
 12927 | Lair:1   | Reached XP level 12. HP: 110/110 MP: 14/14
 14126 | Lair:2   | Reached ***** piety under Trog
 14588 | Lair:2   | Reached skill level 10 in Armour
 15246 | Lair:3   | Found a gate leading to a gauntlet.
 15255 | Gauntlet | Entered a Gauntlet
 15255 | Gauntlet | Found a transporter.
 15255 | Gauntlet | Found a runed translucent gate.
 15255 | Gauntlet | Found a runed translucent gate.
 15280 | Gauntlet | Found a runed translucent gate.
 15285 | Gauntlet | Found a transporter.
 15287 | Gauntlet | Found a transporter.
 15298 | Gauntlet | Found a transporter.
 15302 | Gauntlet | Found a transporter.
 15306 | Gauntlet | Found a transporter.
 15319 | Gauntlet | Noticed a wretched star
 15322 | Gauntlet | Found a transporter.
 15332 | Gauntlet | Found a transporter.
 15340 | Gauntlet | Noticed a green death
 15345 | Gauntlet | Found a transporter.
 15354 | Gauntlet | Noticed a death ooze
 15356 | Gauntlet | Found a transporter.
 15371 | Gauntlet | Found a transporter.
 15414 | Gauntlet | Found a transporter.
 15428 | Gauntlet | Found a transporter.
 15490 | Gauntlet | Found a transporter.
 15615 | Gauntlet | Killed a death ooze
 15628 | Gauntlet | Got a polished tower shield
 15632 | Gauntlet | Got a fine turquoise ring
 15646 | Gauntlet | Identified the cursed +0 tower shield of Disaster {rN+
                  | rCorr Dex+4 Stlth+} (You found it in a Gauntlet)
 15647 | Gauntlet | Identified the ring "Welumn" {Ice *Drain rPois MR++ Int+3}
                  | (You found it in a Gauntlet)
 15889 | Gauntlet | Identified the +5 dire flail of the Pure Realms {flame,
                  | +Rage rPois}
 15889 | Gauntlet | Identified the cursed +1 hand crossbow of the Piercing Wolf
                  | {venom, rElec}
 15889 | Gauntlet | Identified the +10 plate armour of Zin's Pride {Int+4}
 15889 | Gauntlet | Noticed a minotaur
 15899 | Gauntlet | Killed a minotaur
 15916 | Gauntlet | Identified the Handbook of Decompression
 17033 | Lair:4   | Found a staircase to the Snake Pit.
 17149 | Lair:4   | Reached XP level 13. HP: 77/119 MP: 15/15
 17211 | Lair:4   | Reached skill level 5 in Shields
 17823 | Lair:4   | Found a staircase to the Swamp.
 18512 | Lair:5   | Found a transporter.
 18514 | Lair:5   | Found a transporter.
 18514 | Lair:5   | Noticed Jeban's ghost (journeyman OpFi)
 19560 | Lair:6   | Entered Level 6 of the Lair of Beasts
 19771 | Lair:6   | Received a gift from Trog
 20076 | Lair:6   | Reached XP level 14. HP: 83/130 MP: 16/16
 20411 | Lair:6   | Found a viscous altar of Jiyva.
 20412 | Lair:6   | Found a staircase to the Slime Pits.
 21917 | D:12     | Found a staircase to the Orcish Mines.
 22845 | D:13     | Found a gate to the Vaults.
 22905 | D:13     | Received a gift from Trog
 24054 | D:13     | Found a shadowy altar of Dithmenos.
 24882 | D:14     | Reached XP level 15. HP: 130/139 MP: 17/17
 25529 | D:14     | Reached skill level 15 in Unarmed Combat
 25654 | D:14     | Reached skill level 15 in Fighting
 26442 | D:15     | Entered Level 15 of the Dungeon
 26908 | D:15     | Noticed Jorgrun
 26933 | D:15     | Killed Jorgrun
 27109 | D:15     | Found a portal to a secret trove of treasure.
 27341 | D:15     | Found a staircase to the Depths.
 27655 | Orc:1    | Entered Level 1 of the Orcish Mines
 28219 | Orc:2    | Entered Level 2 of the Orcish Mines
 28296 | Orc:2    | Noticed Urug
 28305 | Orc:2    | Killed Urug
 28524 | Orc:2    | Found a staircase to the Elven Halls.
 28887 | Orc:2    | Found Riffarips's Distillery.
 28896 | Orc:2    | Reached ****** piety under Trog
 28925 | Orc:2    | Found an ancient bone altar of Kikubaaqudgha.
 28927 | Orc:2    | Noticed Nergalle
 28940 | Orc:2    | Killed Nergalle
 28982 | Orc:2    | Found a radiant altar of Vehumet.
 29002 | Orc:2    | Mangled by a sun demon

Illustrated notes

Levels and vault maps discovered:
D:1:      dpeg_arrival_orchard, layout_loops_cross
D:2:      layout_loops_ring, kennysheep_jessica_study
D:3:      layout_loops_ring
D:4:      layout_loops_ring, minmay_temple_entry_grid, tgw_kikubaaqudgha,
          uniq_robin
D:5:      layout_basic, serial_shops, nicolae_shop_waterfront, shop,
          nicolae_shop_trees, first_ration
D:6:      layout_layer_cave, cheibrodos_sewer_entry_bend, uniq_sigmund
D:7:      minmay_flawed_box, layout_loops_cross, lemuel_crystal_altar,
          basic_altar
D:8:      layout_basic, uniq_harold, uniq_psyche
D:9:      layout_basic, serial_ice, serial_ice_m, serial_ice_o, serial_ice_i,
          serial_ice_d, serial_ice_g, serial_ice_e, minmay_gold_behind_fungi,
          blue_anna_alchemist [blue_anna_fruit_fields, blue_anna_fruit_fields],
          uniq_grum
D:10:     minmay_four_partial_circles, layout_irregular_city
D:11:     layout_cave_pools, lair_entry_dummy
D:12:     layout_loops_ring, orc_0_dummy, grunt_ministairs_8
D:13:     minmay_bubble_buster, layout_irregular_city, erik_vaults_2,
          grunt_dithmenos_smoke_and_mirrors
D:14:     layout_rooms, minmay_misc_feat_more_columns, hive_lemuel
D:15:     grunt_enter_depths_magical_seal, layout_rooms, enter_trove_2,
          uniq_jorgrun
Temple:   kilobyte_greek_temple
Lair:1:   layout_long_grid, minivault_11, chequers_serial_rivers_large_b,
          uniq_maggie
Lair:2:   layout_regular_city, grunt_megastairs_5, infiniplex_staircase_pool_2
Lair:3:   layout_cave_pods, gauntlet_entry_generic, serial_bayou_shore_b
Lair:4:   beast_lair_carwin_large_1, layout_misc_corridors,
          skrybe_swamp_entry_bodies, guppyfry_snake_entry_garden, special_room
          [special_room_bee]
Lair:5:   layout_small_grid, gammafunk_ghost_arena
Lair:6:   minmay_lair_end_frog_pond, layout_cave_pods, slime_altar_1
Orc:1:    layout_caves, special_room [special_room_orc]
Orc:2:    kennysheep_orc_mage_school, layout_diamond_mine, uniq_urug

Skill      XL: |  1  2  3  4  5  6  7  8  9 10 11 12 13 14 15 |
---------------+----------------------------------------------+-----
Armour         | 1 2 3 4 5 6 8 9 10 11 12 13 | 13.1
Fighting       | 4 5 6 7 8 10 11 12 13 14 15 | 15.6
Unarmed Combat | 4 5 6 7 8 10 11 12 13 14 15 | 15.6
Shields        | 2 3 4 6 8 9 |  9.8
Evocations     | 3 5 |  5.0
Dodging        | |  2.6
Stealth        | |  2.1

Action                   |  1- 3 |  4- 6 |  7- 9 | 10-12 | 13-15 || total
-------------------------+-------+-------+-------+-------+-------++-------
Melee: Unarmed           |   146 |   213 |   464 |   622 |  1445 ||  2890
       Punch             |       |     5 |       |       |       ||     5
Throw: Boomerang         |     6 |     1 |     7 |     7 |       ||    21
       Javelin           |       |       |       |     4 |     9 ||    13
       Dart              |       |       |       |     3 |     5 ||     8
       Throwing net      |       |       |       |       |     3 ||     3
Invok: Trog's Hand       |       |     1 |     4 |     7 |     8 ||    20
       Brothers in Arms  |       |       |       |     5 |     3 ||     8
Evoke: Wand              |       |       |     4 |     6 |    15 ||    25
  Use: Potion            |     1 |     3 |       |     6 |     1 ||    11
       Scroll            |       |     1 |     3 |    23 |     9 ||    36
 Stab: Sleeping          |     2 |       |       |       |       ||     2
       Paralysed         |       |       |    12 |       |       ||    12
  Eat: Chunk             |     1 |    10 |    15 |    38 |    40 ||   104
       Ration            |       |       |       |     3 |       ||     3
Armor: Robe              |     7 |       |       |       |       ||     7
       Leather armour    |    20 |       |       |       |       ||    20
       Scale mail        |     9 |     2 |       |       |       ||    11
       Ring mail         |     2 |       |       |       |       ||     2
       Chain mail        |       |   121 |   274 |     4 |       ||   399
       Plate armour      |       |       |       |   394 |   642 ||  1036
Dodge: Dodged            |    91 |    82 |   145 |   175 |   237 ||   730
Block: Buckler           |       |     4 |    94 |   106 |       ||   204
       Kite shield       |       |       |       |    39 |   769 ||   808
       Tower shield      |       |       |       |     5 |       ||     5
